 Dungeon Crawl Stone Soup version 0.31-a0-83-gbff143cfd1 (webtiles) character file.

Game seed: 11343985721269143867

63 IdlyInterested the Covered (level 3, -1/26 HPs)
             Began as a Demonspawn Wanderer on May 24, 2023.
             Succumbed to an adder's poison
             ... on level 2 of the Dungeon.
             The game lasted 00:04:06 (1437 turns).

IdlyInterested the Covered (Demonspawn Wanderer)    Turns: 1437, Time: 00:04:07

Health: -1/26      AC: 10    Str: 16    XL:     3   Next: 89%
Magic:  7/7        EV:  7    Int: 13    God:
Gold:   63         SH:  0    Dex: 10    Spells: 7/8 levels left

rFire   . . .        j - +0 short sword
rCold   . . .        (no shield)
rNeg    . . .        d - +0 chain mail
rPois   .            (no helmet)
rElec   .            k - +0 cloak
rCorr   .            (no gloves)
SInv    .            (no boots)
Will    +....        (no amulet) Stlth
                     (no ring)
HPRegen 0.24/turn    (no ring)
MPRegen 0.10/turn

%: no passive effects
@: lethally poisoned (-1 -> -6), enlightened, flying
A: demonic magic 1
a: no special abilities


You were on level 2 of the Dungeon.
You visited 1 branch of the dungeon, and saw 2 of its levels.

You collected 63 gold pieces.

Inventory:

Hand Weapons
 j - a +0 short sword (weapon)
 p - a +0 dagger
Missiles
 f - 8 poisoned darts
 m - 11 stones
Armour
 d - a +0 chain mail (worn)
 k - a +0 cloak (worn)
Jewellery
 a - an amulet of faith
 o - an amulet of faith
Scrolls
 b - a scroll of fog
 c - 2 scrolls of teleportation
 g - a scroll of magic mapping {unknown}
 h - a scroll of immolation {unknown}
 q - a scroll of identify {unknown}
 s - a scroll of poison {unknown}
Potions
 l - a potion of curing {unknown}
 n - a potion of might {unknown}
 r - a potion of mutation {unknown}


   Skills:
 - Level 1.4 Fighting
 * Level 1.5 Short Blades
 + Level 0.7 Throwing
 - Level 3.6 Armour
 - Level 1.0 Dodging
 - Level 1.7 Stealth
 - Level 3.0 Spellcasting
 + Level 2.0 Hexes


You had 7 spell levels left.
You knew the following spells:

 Your Spells              Type           Power      Damage    Failure   Level
a - Slow                  Hex            28%        N/A       75%         1

Your spell library contained the following spells:

 Spells                   Type           Power      Damage    Failure   Level
 Confusing Touch          Hex            7%         N/A       98%         3


Dungeon Overview and Level Annotations

Branches:
Dungeon (2/15)

Altars:
Vehumet


Innate Abilities, Weirdness & Mutations

Spells you cast may paralyse adjacent enemies.


Message History

The adder poisons you! The adder bites you.
You are more poisoned.
The adder poisons you!
You hit the adder.
The adder is severely wounded.
You feel very sick. The adder bites you but does no damage.
You closely miss the adder.
The adder is severely wounded.
You feel very sick. The adder bites you but does no damage.
You closely miss the adder.
The adder is severely wounded.
You feel sick. The adder bites you but does no damage.
You barely miss the adder.
The adder is severely wounded.
You feel sick.
The adder bites you but does no damage. x2
You hit the adder but do no damage.
The adder is severely wounded.
You feel sick. The adder barely misses you.
You barely miss the adder.
The adder is severely wounded.
You feel sick. The adder bites you.
* * * LOW HITPOINT WARNING * * *
You are lethally poisoned!
The adder poisons you!
You hit the adder.
You kill the adder!
* * * LOW HITPOINT WARNING * * *
You feel sick.
Your Hexes skill increases to level 2!
Unknown command.
Okay, then.
It was a potion of magic.
Magic courses through your body.
* * * LOW HITPOINT WARNING * * *
You feel sick.
It was a potion of enlightenment.
You feel very buoyant.
You fly up into the air.
You die...

#........##.#
#.........#.#
#########.#.#
#.#.# #.#.#
#.#.# #.#.#
###.#.#
#..†@.#
#....?#
...........
####.........
#..........#
###.##.....#
#. .....# ..
##....


There were no monsters in sight!

Vanquished Creatures
  2 adders (D:2)
  A worm (D:2)
  A dart slug (D:2)
  7 endoplasms
  2 giant cockroaches
  A goblin (D:1)
  4 hobgoblins (D:1)
  2 jackals (D:1)
  2 kobolds
  A quokka (D:1)
  7 ball pythons
  2 bats (D:1)
  3 frilled lizards
  2 rats (D:1)
37 creatures vanquished.

Notes
Turn   | Place    | Note
-------+----------+-------------------------------------------
     0 | D:1      | IdlyInterested the Demonspawn Wanderer began the quest for
                  | the Orb.
     0 | D:1      | IdlyInterested set off with the following items: a +0 club,
                  | a scroll of fog, a scroll of teleportation, a +0 chain
                  | mail; and the following spell memorised: Slow; and the
                  | following spells available to memorise: Confusing Touch.
     0 | D:1      | Reached XP level 1. HP: 15/15 MP: 4/4
   154 | D:1      | Reached skill level 1 in Hexes
   159 | D:1      | Gained mutation: Spells you cast may paralyse adjacent
                  | enemies. [demonic ancestry]
   159 | D:1      | Reached XP level 2. HP: 21/21 MP: 6/6
   776 | D:1      | Reached skill level 1 in Dodging
   922 | D:2      | Reached XP level 3. HP: 7/26 MP: 7/7
  1089 | D:2      | Reached skill level 1 in Short Blades
  1137 | D:2      | Found a radiant altar of Vehumet.
  1436 | D:2      | HP: 1/26 [poisoned by an adder]
  1437 | D:2      | Succumbed to an adder's poison

Illustrated notes

Levels and vault maps discovered:
D:1:      mainiacjoe_arrival_reflecting_pool, layout_basic,
          palyth_stone_intersect, chequers_avenue
D:2:      layout_loops_ring, basic_altar, chequers_serial_rivers_micro_d

Skill      XL: |  1  2  3 |
---------------+----------+-----
Hexes          | 1 2 |  2.0
Dodging        | 1 |  1.0
Short Blades   | 1 |  1.5
Fighting       | |  1.4
Throwing       | |  0.7
Armour         | |  3.6
Stealth        | |  1.7
Spellcasting   | |  3.0

Action                     || total
---------------------------++-------
  Melee: Club              ||    72
         Short sword       ||   121
         Punch             ||     2
    Use: Potion            ||     2
 Armour: Chain mail        ||   107
  Dodge: Dodged            ||    78

Table legend: (Time is in decaauts)
 A = Elapsed time spent in this place.
 B = Non-inter-level travel time spent in this place.
 C = Inter-level travel time spent in this place.
 D = Time resting spent in this place.
 E = Time spent auto-exploring this place.
 F = Levels seen in this place.
 G = Mean time per level.
                   A        B        C        D        E       F      G
               +--------+--------+--------+--------+--------+-----+--------+
         Total |   1453 |   1312 |    141 |    206 |    639 |   2 |  726.5 |
       Dungeon |   1453 |   1312 |    141 |    206 |    639 |   2 |  726.5 |
               +--------+--------+--------+--------+--------+-----+--------+

Top non-repeatable levels by time:
     D:1: 953 daAuts
     D:2: 499 daAuts
